 Dungeon Crawl Stone Soup version 0.27-a0-819-g058290f16d (webtiles) character file.

Game seed: 12987844455416415652

226 robertstho the Magician (level 6, -1/41 HPs)
             Began as a Djinni Ice Elementalist on Mar 29, 2021.
             Was an Initiate of Gozag.
             Slain by Duvessa
             ... wielding a +0 short sword
              (13 damage)
             ... on level 4 of the Dungeon.
             The game lasted 00:05:24 (4094 turns).

robertstho the Magician (Djinni Ice Elementalist)   Turns: 4094, Time: 00:05:24

Health: -1/41      AC:  3    Str:  7    XL:     6   Next: 1%
Gold:   72         EV: 12    Int: 18    God:    Gozag SH:  0 Dex: 14

rFire    + + +     SeeInvis .   j - +0 trident (vamp)
rCold    x . .     Faith    .   (no shield)
rNeg     . . .     Spirit   .   a - +0 robe
rPois    ∞         Reflect  .   g - +0 helmet
rElec    .         Harm     .   (no cloak)
rCorr    .         Rampage  .   (no gloves)
Will     .....                  (boots unavailable)
Stlth    ++........             (no amulet)
HPRegen  0.13/turn              e - ring of protection from fire
MPRegen  0.00/turn              (no ring)

@: gold aura, frozen ramparts, flying, very slightly contaminated
A: fire resistance 2, cold vulnerability 1, float, innate caster, hp casting,
extra vitality 1
a: Renounce Religion, Potion Petition, Call Merchant, Bribe Branch


You were on level 4 of the Dungeon.
You worshipped Gozag.
Gozag was noncommittal.
You visited 1 branch of the dungeon, and saw 4 of its levels.

You collected 98 gold pieces.
You paid 26 gold pieces to Gozag.

Inventory:

Hand Weapons
 c - a +1 dagger of flaming
 j - a +0 vampiric trident (weapon)
Armour
 a - a +0 robe (worn)
 g - a +0 helmet (worn)
Jewellery
 e - a ring of protection from fire (left hand)
Scrolls
 f - a scroll of magic mapping
 h - a scroll of identify {unknown}
 i - a scroll of enchant weapon {unknown}
Potions
 b - a potion of curing {unknown}
 d - a potion of attraction {unknown}


   Skills:
 + Level 0.5 Fighting
 + Level 0.3 Short Blades
 + Level 2.8 Dodging
 + Level 2.4 Stealth
 + Level 0.4 Unarmed Combat
 + Level 5.4 Spellcasting


You couldn't memorise any spells.
You knew the following spells:

 Your Spells              Type           Power      Damage    Failure   Level
a - Freeze                Ice            96%        1d11      1%          1
b - Frozen Ramparts       Ice            48%        1d6       4%          3
c - Ozocubu's Armour      Ice            24%        N/A       4%          3
d - Hailstorm             Conj/Ice       24%        3d7       14%         4
e - Summon Ice Beast      Ice/Summ       24%        N/A       14%         4
f - Shock                 Conj/Air       96%        1d9       1%          1
g - Call Imp              Summ           24%        N/A       1%          2
Your spell library was empty.

Dungeon Overview and Level Annotations

Branches:
Dungeon (4/15)
 Temple: D:4-7

Altars:
Gozag

Annotations:
D:4 Duvessa


Innate Abilities, Weirdness & Mutations

You are immune to poison.
Your flesh is very heat resistant. (rF++)
You are vulnerable to cold. (rC-)
You float through the air rather than walking.
You learn spells naturally, not from books.
Your magical power is your life essence.
You have superior vitality. (+4 HP)


Message History

Duvessa hits you with a +0 short sword!
Casting: Summon Ice Beast (quite dangerous; 16% risk of failure)
Confirm with . or Enter, or press ? or * to list all spells.
Casting: Frozen Ramparts (dangerous; 4% risk of failure)
Press: ? - help, Dir - look around, f - activate The walls around you are covered in ice.
The wall freezes Duvessa.
Unknown command.
Casting: Frozen Ramparts (dangerous; 4% risk of failure)
Confirm with . or Enter, or press ? or * to list all spells.
The spell is quite dangerous to cast (16% risk of failure)!
Continue anyway? [Y]es or [N]o only, please.
The spell is quite dangerous to cast (16% risk of failure)!
Continue anyway?
Casting: Hailstorm (quite dangerous; 16% risk of failure)
Press: ? - help, Dir - look around, f - activate A cannonade of hail descends around you!
The hail pelts Dowan!
Dowan is almost dead.
The hail pelts the phantom.
The phantom partially resists.
The phantom is lightly damaged.
The wall freezes Duvessa.
Duvessa hits you with a +0 short sword.
The wall freezes Dowan.
You kill Dowan!
Duvessa screams in rage.
Duvessa goes berserk!
You have reached level 6!
Your experience leads to an increase in your attributes!
Increase (S)trength, (I)ntelligence, or (D)exterity?
You feel clever.
Unknown command.
Casting: Hailstorm (quite dangerous; 14% risk of failure)
Confirm with . or Enter, or press ? or * to list all spells.
You miscast Ozocubu's Armour.
You are very lightly contaminated with residual magic.
Nothing appears to happen.
* * * LOW HITPOINT WARNING * * *
The wall freezes Duvessa but does no damage.
Duvessa hits you with a +0 short sword!
You die...
Your body crumbles into a pile of gold.

#...##._.######......#
#.........#...#.....[#
#.........'...'......#
###+##...######......#
#...#...........#
#...#...........#
#...#...........#
#...#...........#
##+##@..........#
#..We####.....###
#...$# #.....# #....#
#.....+ .####+##....#
.....# ........##..#
....# ........#...#
........#..##
........#...


You could see Duvessa (berserk, fast) and a phantom.

Vanquished Creatures
  Dowan (D:4)
  A hound (D:3)
  Jessica (D:2)
  Robin (D:2)
  3 gnolls (D:3)
  An adder (D:3)
  A dart slug (D:1)
  4 orcs (D:3)
  3 ball pythons
  A bat (D:3)
  3 endoplasms
  2 giant cockroaches (D:1)
  11 goblins
  10 hobgoblins
  12 jackals
  4 quokkas
  2 frilled lizards
  4 kobolds
  3 rats
68 creatures vanquished.

Notes
Turn   | Place    | Note
-------+----------+-------------------------------------------
     0 | D:1      | robertstho the Djinni Ice Elementalist began the quest for
                  | the Orb.
     0 | D:1      | Reached XP level 1. HP: 15/15 MP: 0/0
   663 | D:1      | Reached XP level 2. HP: 14/21 MP: 0/0
   773 | D:1      | Reached skill level 4 in Spellcasting
  1452 | D:1      | Reached XP level 3. HP: 23/25 MP: 0/0
  1452 | D:1      | Learned a level 1 spell: Shock
  2117 | D:2      | Noticed Jessica
  2118 | D:2      | Killed Jessica
  2609 | D:2      | Noticed Robin
  2620 | D:2      | Reached XP level 4. HP: 27/31 MP: 0/0
  2623 | D:2      | Killed Robin
  2933 | D:3      | Reached XP level 5. HP: 13/35 MP: 0/0
  2933 | D:3      | Learned a level 2 spell: Call Imp
  3023 | D:3      | Reached skill level 5 in Spellcasting
  4039 | D:4      | Found an opulent altar of Gozag.
  4056 | D:4      | Became a worshipper of Gozag Ym Sagoz the Greedy
  4077 | D:4      | Noticed Dowan
  4079 | D:4      | Noticed Duvessa
  4079 | D:4      | Noticed a phantom
  4093 | D:4      | Killed Dowan
  4094 | D:4      | Reached XP level 6. HP: 15/41 MP: 0/0
  4094 | D:4      | Slain by Duvessa

Illustrated notes

Levels and vault maps discovered:
D:1:      erik_arrival_blinker_ship, layout_loops_ring,
          hangedman_feature_mirror, grunt_decor_cap
D:2:      layout_basic, serial_curves, eino_curves_02, eino_curves_04,
          uniq_robin, uniq_jessica
D:3:      layout_basic
D:4:      minmay_recursive_quarters, layout_gridville, st_stairs_6,
          nicolae_gozag_seed_capital, uniq_grinder, uniq_duvessa, uniq_pikel

Skill      XL: |  1  2  3  4  5 |
---------------+----------------+-----
Spellcasting   | 4 5 |  5.4
Stealth        | 2 |  2.4
Fighting       | |  0.5
Short Blades   | |  0.3
Dodging        | |  2.8
Unarmed Combat | |  0.4

Action                   |  1- 3 |  4- 6 || total
-------------------------+-------+-------++-------
Melee: Unarmed           |    16 |       ||    16
       Dagger            |     6 |    22 ||    28
       Trident           |       |     3 ||     3
 Cast: Freeze            |    36 |    11 ||    47
       Frozen Ramparts   |     1 |    12 ||    13
       Hailstorm         |       |     2 ||     2
       Ozocubu's Armour  |       |     1 ||     1
       Summon Ice Beast  |       |     1 ||     1
  Use: Scroll            |     4 |     1 ||     5
 Stab: Sleeping          |     3 |     1 ||     4
       Distracted        |     1 |       ||     1
Armor: Robe              |     5 |     4 ||     9
Dodge: Dodged            |    28 |    29 ||    57

Table legend: (Time is in decaauts)
 A = Elapsed time spent in this place.
 B = Non-inter-level travel time spent in this place.
 C = Inter-level travel time spent in this place.
 D = Time resting spent in this place.
 E = Time spent auto-exploring this place.
 F = Levels seen in this place.
 G = Mean time per level.
                   A        B        C        D        E       F      G
               +--------+--------+--------+--------+--------+-----+--------+
         Total |   4093 |   3996 |     97 |    292 |   3289 |   4 | 1023.2 |
       Dungeon |   4093 |   3996 |     97 |    292 |   3289 |   4 | 1023.2 |
               +--------+--------+--------+--------+--------+-----+--------+

Top non-repeatable levels by time:
     D:1: 1905 daAuts
     D:3: 1132 daAuts
     D:2: 997 daAuts
     D:4: 57 daAuts
